 Dungeon Crawl Stone Soup version 0.14-a0-2881-g20de702 (webtiles) character file.

32532 HollowCharge the Fencer (level 13, -4/94 HPs)
             Began as a High Elf Gladiator on Feb 28, 2014.
             Slain by a four-headed hydra (7 damage)
             ... on Level 7 of the Lair of Beasts.
             The game lasted 01:46:07 (20080 turns).

HollowCharge the Fencer (High Elf Gladiator)       Turns: 20080, Time: 01:46:07

HP  -4/94        AC 14     Str 18      XL: 13   Next: 29%
MP  29/31        EV 18     Int 16      God:
Gold 477         SH  0     Dex 17      Spells:  5 memorised, 12 levels left

rFire  + . .     SeeInvis .     F - +6 great sword (flame)
rCold  . . .     Clarity  .     Z - +1 orc ring mail {rF+}
rNeg   + . .     Conserve .     (no shield)
rPois  +         rCorr    .     M - +0 helmet of the Dropbear {rPois}
rElec  .         rRot     .     T - +2 cloak "Khuir" {Int+3 Acc+3}
SustAb . .       Spirit   .     I - -1 pair of orc gloves
rMut   .         Warding  +     l - +0 pair of boots
Saprov . . .     Stasis   .     m - amulet of warding
MR     +....                    q - +3 ring of protection
                                n - +0,+7 ring of slaying

@: very slightly contaminated, very slow, somewhat resistant to hostile
enchantments, very unstealthy
A: no striking features
a: no special abilities


You were on level 7 of the Lair of Beasts.
You were not hungry.

You visited 2 branches of the dungeon, and saw 17 of its levels.

You collected 686 gold pieces.
You spent 209 gold pieces at shops.

Inventory:

Hand weapons
 F - a +6,+6 great sword of flaming (weapon)
Missiles
 o - 2 throwing nets (quivered)
Armour
 l - a +0 pair of boots (worn)
 I - a -1 pair of orcish gloves (worn)
 M - the +0 helmet of the Dropbear (worn) {rPois}
   (You found it on level 7 of the Dungeon)

   It protects you from poison.
 N - a +0 pair of gloves of archery
 O - a +1 ring mail of cold resistance
 T - the +2 cloak "Khuir" (worn) {Int+3 Acc+3}
   (You bought it in a shop on level 4 of the Dungeon)

   It affects your intelligence (+3).
   It affects your accuracy with ranged weapons and melee attacks (+3).
 Z - a +1 orcish ring mail of fire resistance (worn)
Magical devices
 h - a wand of draining (0)
 p - a wand of disintegration (7)
 s - a wand of fireball (0)
 w - a wand of confusion (14)
 E - a wand of disintegration (8)
 J - a wand of slowing (10)
 S - a wand of teleportation (0)
Comestibles
 a - 3 chunks of hippogriff flesh
 b - 4 meat rations
 u - 10 apples
 A - 11 grapes
 H - 2 cheeses
 K - 2 strawberries
 R - an apricot
Scrolls
 g - a scroll of teleportation
 j - 2 scrolls of remove curse
 k - a scroll of identify
 x - a scroll of amnesia
 C - a scroll of enchant weapon II
 D - a scroll of recharging
 P - a scroll of fog
Jewellery
 d - an uncursed amulet of resist mutation
 f - an uncursed ring of protection from magic
 m - an amulet of warding (around neck)
 n - a +0,+7 ring of slaying (left hand)
 q - a +3 ring of protection (right hand)
 y - an uncursed ring of flight
Potions
 e - 2 potions of magic
 i - 4 potions of speed
 r - 3 potions of heal wounds
 t - 5 potions of brilliance
 v - 3 potions of curing
 B - a potion of berserk rage
 G - a potion of cure mutation
 W - a potion of restore abilities
Books
 c - a book of Air

   Spells                             Type                      Level
   Shock                              Conjuration/Air              1
   *Swiftness                         Charms/Air                   2
   *Repel Missiles                    Charms/Air                   2
   *Flight                            Charms/Air                   3
   Static Discharge                   Conjuration/Air              3
   Lightning Bolt                     Conjuration/Air              5
 L - a book of Death

   Spells                             Type                      Level
   Corpse Rot                         Necromancy                   2
   Sublimation of Blood               Necromancy                   2
   Agony                              Necromancy                   5
   Dispel Undead                      Necromancy                   5
   *Excruciating Wounds               Charms/Necromancy            5
   Bolt of Draining                   Conjuration/Necromancy       5
 U - a book of Fire

   Spells                             Type                      Level
   *Fire Brand                        Charms/Fire                  2
   Ignite Poison                      Fire/Transmutation           5
   Fireball                           Conjuration/Fire             5
   Bolt of Fire                       Conjuration/Fire             6
   Delayed Fireball                   Conjuration/Fire             7
   Ring of Flames                     Charms/Fire                  7


   Skills:
 + Level 10.8 Fighting
 + Level 15.6 Long Blades
 - Level 2.1 Throwing
 + Level 12.1 Dodging
 - Level 7.3 Spellcasting
 + Level 9.2 Charms
 + Level 3.4 Fire Magic


You had 12 spell levels left.
You knew the following spells:

 Your Spells              Type           Power        Failure   Level  Hunger
a - Fire Brand            Chrm/Fire      ####......   1%          2    None
b - Repel Missiles        Chrm/Air       ###...       3%          2    None
c - Flight                Chrm/Air       ###.......   10%         3    ##.....
d - Swiftness             Chrm/Air       ###.....     3%          2    None
e - Excruciating Wounds   Chrm/Necr      ###.......   69%         5    #####..


Dungeon Overview and Level Annotations

Branches:
Dungeon (10/16)               Orc (0/4) D:10           Lair (7/8) D:9
  Swamp (0/5) Lair:3        Snake (0/5) Lair:6        Slime (0/6) Lair:7
 Temple: D:4-7

Altars:
Kikubaaqudgha
Nemelex Xobeh
Sif Muna
Trog
Xom
The Shining One
Beogh

Shops:
D:4 [   D:6 *[


Message History

You burn the five-headed hydra.
The five-headed hydra is moderately wounded.
The five-headed hydra bites you.
The five-headed hydra completely misses you.
The five-headed hydra barely misses you.
The five-headed hydra bites you!
* * * LOW HITPOINT WARNING * * *
The five-headed hydra bites you!
* * * LOW HITPOINT WARNING * * *
You lop one of the five-headed hydra's heads off!
The flame cauterises the wound!
You slice the four-headed hydra!! You burn the four-headed hydra!
The four-headed hydra is severely wounded.
The four-headed hydra bites you!
* * * LOW HITPOINT WARNING * * *
The four-headed hydra completely misses you.
The four-headed hydra bites you.
* * * LOW HITPOINT WARNING * * *
The four-headed hydra bites you!
You die...

#.%..## . ##...# . ###...#
. #.....# .. #P...## ..>
###..# #### ..
#.%####..#### ###.
##.'.......#.### #.#.
##......D@......#######...
#..............##...#.#...
#f......................>.
#..............#.#.#.#....
###..............##.##....
#............P#######...
#............## #....
#.ff.#....P### #....
#######..### ##...


You could see a four-headed hydra.

Vanquished Creatures
  4 hydras
  Harold (Lair:5)
  2 catoblepae
  3 griffons
  7 spiny frogs
  A black mamba (Lair:4)
  3 fire drakes
  A spriggan (D:8)
  2 trolls (D:9)
  6 komodo dragons
  Prince Ribbit (D:9)
  12 blink frogs
  A two-headed ogre (D:10)
  A boulder beetle (Lair:6)
  4 basilisks
  A brown ooze (Lair:7)
  3 wyverns
  40 yaks
  8 hippogriffs
  A steam dragon (Lair:5)
  A hill giant zombie (D:10)
  A hill giant skeleton (D:7)
  5 nagas (Lair:6)
  2 hell hounds (Lair:7)
  3 wolves (Lair:4)
  A necrophage (D:10)
  11 porcupines
  2 ice beasts
  A shark (Lair:2)
  2 phantoms
  4 ogres
  4 orc warriors
  A sky beast (D:6)
  5 crocodiles
  2 giant goldfish (Lair:2)
  2 centaurs
  Sigmund (D:7)
  A big kobold (D:10)
  14 giant frogs
  14 giant slugs
  12 water moccasins
  7 wights
  2 hippogriff zombies (D:8)
  3 electric eels (Lair:2)
  A quasit (D:10)
  17 hounds
  10 orc priests
  A black bear zombie (D:5)
  A goliath beetle (D:10)
  4 crimson imps
  3 jellies
  3 scorpions
  3 big fish (Lair:2)
  4 worker ants
  6 iguanas
  3 orange rats (D:7)
  13 orc wizards
  A worker ant zombie (D:8)
  21 adders
  50 green rats
  A giant mite (Lair:4)
  5 worms
  An orc zombie (D:6)
  2 scorpion zombies
  An adder skeleton (D:7)
  A giant eyeball (D:6)
  5 giant geckos
  An ooze (D:3)
  32 orcs
  3 ball pythons
  18 bats
  14 hobgoblins
  10 quokkas
  5 giant cockroaches
  A giant gecko skeleton (D:7)
  7 giant newts
  9 goblins
  23 jackals
  19 kobolds
  43 rats
545 creatures vanquished.

Vanquished Creatures (others)
  A giant frog (D:6)
  An orc wizard (D:6)
  3 orcs (D:6)
  10 fungi (Lair:7)
  6 plants (Lair:2)
21 creatures vanquished.

Grand Total: 566 creatures vanquished

Notes
Turn   | Place    | Note
--------------------------------------------------------------
     0 | D:1      | HollowCharge, the High Elf Gladiator, began the quest for the Orb.
     0 | D:1      | Reached XP level 1. HP: 14/14 MP: 2/2
   172 | D:1      | Reached skill level 4 in Long Blades
   328 | D:1      | Reached XP level 2. HP: 19/19 MP: 3/3
   918 | D:2      | Reached XP level 3. HP: 24/24 MP: 5/5
  1520 | D:2      | Found a shimmering altar of Xom.
  1520 | D:2      | Found an ancient bone altar of Kikubaaqudgha.
  1521 | D:2      | Found a deep blue altar of Sif Muna.
  2005 | D:3      | Reached XP level 4. HP: 22/30 MP: 7/7
  2136 | D:3      | Reached skill level 5 in Long Blades
  2165 | D:3      | Found a sparkling altar of Nemelex Xobeh.
  2678 | D:4      | Noticed an ogre
  3006 | D:4      | Found Kuruerax's Antique Armour Shop.
  3158 | D:4      | Reached XP level 5. HP: 18/36 MP: 8/8
  3313 | D:4      | Reached skill level 6 in Long Blades
  3488 | D:4      | Reached XP level 6. HP: 25/42 MP: 10/10
  3964 | D:4      | Killed an ogre
  3964 | D:4      | Reached skill level 5 in Dodging
  4081 | D:4      | Reached skill level 7 in Long Blades
  4151 | D:5      | Entered Level 5 of the Dungeon
  4170 | D:5      | Reached XP level 7. HP: 40/48 MP: 12/12
  4415 | D:5      | Found a bloodstained altar of Trog.
  4683 | D:6      | Reached skill level 8 in Long Blades
  4857 | D:6      | Found Opaas' Antique Armour Boutique.
  4914 | D:6      | Noticed a centaur
  4926 | D:6      | Killed a centaur
  4961 | D:6      | Reached XP level 8. HP: 31/54 MP: 13/13
  5031 | D:6      | Reached skill level 5 in Fighting
  5102 | D:6      | Found a sparkling altar of Nemelex Xobeh.
  5183 | D:6      | Reached skill level 9 in Long Blades
  5240 | D:6      | Paralysed by a giant eyeball for 2 turns
  5243 | D:6      | Paralysed by a giant eyeball for 3 turns
  5258 | D:6      | Found Ecoplac's Assorted Antiques.
  5389 | D:7      | Got an encrusted helmet
  5393 | D:7      | Identified the +0 helmet of the Dropbear {rPois} (You found it on level 7 of the Dungeon)
  5783 | D:7      | Noticed Sigmund
  5789 | D:7      | Killed Sigmund
  5825 | D:7      | Noticed a hill giant
  6130 | D:7      | Reached skill level 10 in Long Blades
  6560 | D:4      | Bought a transparent cloak for 209 gold pieces
  6565 | D:4      | Identified the +2 cloak "Khuir" {Int+3 Acc+3} (You bought it in a shop on level 4 of the Dungeon)
  6927 | D:8      | Reached XP level 9. HP: 60/62 MP: 15/15
  7288 | D:8      | Reached skill level 11 in Long Blades
  7551 | D:8      | Noticed a spriggan baker
  7552 | D:8      | Killed a spriggan baker
  7805 | D:9      | Reached skill level 12 in Long Blades
  7936 | D:9      | Noticed Prince Ribbit
  7950 | D:9      | Killed Prince Ribbit
  8057 | D:9      | Found a staircase to the Lair.
  8191 | D:9      | Reached XP level 10. HP: 17/71 MP: 17/17
  9557 | D:10     | Entered Level 10 of the Dungeon
  9601 | D:10     | Reached skill level 13 in Long Blades
  9894 | D:10     | Found a staircase to the Orcish Mines.
  9981 | D:10     | Learned a level 2 spell: Fire Brand
 10017 | D:10     | Found a roughly hewn altar of Beogh.
 10026 | D:10     | Reached skill level 1 in Charms
 10161 | D:10     | Reached skill level 1 in Spellcasting
 10256 | D:10     | Noticed a hill giant
 10663 | D:10     | Noticed a hill giant
 10663 | D:10     | Paralysed by a giant eyeball for 4 turns
 10807 | Lair:1   | Entered Level 1 of the Lair of Beasts
 11627 | Lair:1   | Learned a level 2 spell: Repel Missiles
 11631 | Lair:1   | Learned a level 3 spell: Flight
 11634 | Lair:1   | Learned a level 2 spell: Swiftness
 12116 | Lair:1   | Reached XP level 11. HP: 58/78 MP: 20/23
 12564 | Lair:2   | Noticed a six-headed hydra
 12586 | Lair:2   | Killed a hydra
 12866 | Lair:2   | Reached skill level 10 in Dodging
 12907 | Lair:2   | Noticed a five-headed hydra
 12923 | Lair:2   | Killed a three-headed hydra
 12985 | Lair:2   | Reached skill level 5 in Charms
 13255 | Lair:2   | Reached skill level 14 in Long Blades
 14703 | Lair:3   | Reached skill level 5 in Spellcasting
 14843 | Lair:3   | Found a staircase to the Swamp.
 15022 | Lair:3   | Noticed a catoblepas
 15032 | Lair:3   | Killed a catoblepas
 15132 | Lair:3   | Reached XP level 12. HP: 68/87 MP: 28/28
 16664 | Lair:5   | Reached skill level 10 in Fighting
 16675 | Lair:5   | Learned a level 5 spell: Excruciating Wounds
 17101 | Lair:5   | Reached skill level 15 in Long Blades
 17306 | Lair:5   | Noticed Harold
 17343 | Lair:5   | Killed Harold
 18751 | Lair:6   | Found a glowing golden altar of the Shining One.
 18761 | Lair:6   | Reached skill level 1 in Fire Magic
 18902 | Lair:6   | Found a staircase to the Snake Pit.
 19039 | Lair:7   | Noticed an eight-headed hydra
 19040 | Lair:7   | Noticed a seven-headed hydra
 19048 | Lair:7   | Killed a two-headed hydra
 19058 | Lair:7   | Killed a six-headed hydra
 19058 | Lair:7   | Reached XP level 13. HP: 74/93 MP: 31/31
 19769 | Lair:7   | Found a staircase to the Slime Pits.
 19775 | Lair:7   | Noticed a four-headed hydra
 20038 | Lair:7   | Noticed a seven-headed hydra
 20080 | Lair:7   | HP: 3/94 [four-headed hydra (3)]
 20080 | Lair:7   | Slain by a four-headed hydra

Action                   |  1- 3 |  4- 6 |  7- 9 | 10-12 | 13-15 || total
-------------------------+-------+-------+-------+-------+-------++-------
Melee: Falchion          |   157 |   119 |   161 |       |       ||   437
       Great sword       |       |       |   224 |   789 |   135 ||  1148
Throw: Throwing net      |     5 |     2 |     5 |     1 |       ||    13
 Cast: Fire Brand        |       |       |       |    24 |     3 ||    27
       Swiftness         |       |       |       |       |     1 ||     1
Evoke: Wand              |       |       |    17 |    35 |     1 ||    53
  Use: Scroll            |    13 |     6 |    11 |    21 |     3 ||    54
       Potion            |       |     3 |       |     5 |     2 ||    10
 Stab: Distracted        |     1 |       |       |       |       ||     1
       Held in net/web   |       |     1 |       |       |       ||     1
       Invisible         |       |       |       |     2 |       ||     2
